 Dungeon Crawl Stone Soup version 0.21.1-1-g345015f (webtiles) character file.

5947 tidbits the Protected (level 10, -10/76 HPs)
             Began as a Gnoll Wanderer on June 13, 2018.
             Was a Follower of Cheibriados.
             Killed from afar by an orc sorcerer (15 damage)
             ... with a bolt of fire
             ... while paralysed by an orc sorcerer
             ... on level 2 of the Orcish Mines.
             The game lasted 00:45:30 (2673 turns).

tidbits the Protected (Gnoll Wanderer)              Turns: 2673, Time: 00:45:31

Health: -10/76     AC: 15    Str: 15    XL:     10   Next: 84%
Magic:  18/18      EV:  2    Int: 24    God:    Cheibriados [*.....]
Gold:   30         SH:  0    Dex: 17    Spells: 9/20 levels left

rFire    . . .     SeeInvis .   d - +0 broad axe
rCold    . . .     Gourm    .   D - +2 buckler
rNeg     . . .     Faith    .   B - +4 scale mail
rPois    .         Spirit   .   (helmet restricted)
rElec    .         Reflect  .   (no cloak)
rCorr    +         Harm     .   G - +0 pair of gloves
MR       .....     Rnd*Rage +   F - +0 pair of boots
Stlth    ++........             v - amulet of magic regeneration
HPRegen  0.22/turn              K - ring of resist corrosion
MPRegen  0.41/turn              (no ring)

@: paralysed, lethally poisoned (-10 -> -22), singing, drained, very slow
A: distributed training, fangs 1, hooves 1, horns 1, berserk 1, strong nose
a: Bend Time, Renounce Religion


You were on level 2 of the Orcish Mines.
You worshipped Cheibriados.
Cheibriados was aware of your devotion.
You were not hungry.

You visited 3 branches of the dungeon, and saw 13 of its levels.
You also visited: Sewer.

You collected 350 gold pieces.
You spent 320 gold pieces at shops.

Inventory:

Hand Weapons
 a - a +1 battleaxe of chopping
   (You took it off an orc on level 4 of the Dungeon)
 b - a +1 dagger of venom
   (You took it off an orc wizard on level 4 of the Dungeon)
 d - a +0 broad axe (weapon)
 h - a +0 war axe
 z - a +0 morningstar
 I - a +0 scythe
 M - a cursed -2 blowgun
 N - a +2 dagger of electrocution
   (You took it off a kobold in a sewer)
 V - a +0 shortbow
Missiles
 i - 35 sling bullets
 k - 85 stones
 m - 10 tomahawks (quivered)
 o - 26 bolts
 C - 63 arrows
 X - a throwing net {!f}
Armour
 e - a +0 helmet
 f - a +2 leather armour of poison resistance
   (You took it off Duvessa on level 5 of the Dungeon)
 x - a +0 ring mail
 B - a +4 scale mail (worn)
 D - a +2 buckler (worn)
 F - a +0 pair of boots (worn)
 G - a +0 pair of gloves (worn)
 T - a +0 buckler
Jewellery
 v - an amulet of magic regeneration (around neck)
   (You found it on level 3 of the Dungeon)
 K - a ring of resist corrosion (left hand)
   (You found it on level 2 of the Dungeon)
 S - an uncursed amulet of faith {unknown}
   (You found it on level 7 of the Dungeon)
Wands
 H - a wand of clouds (5)
 R - a wand of disintegration (19)
 W - a wand of flame (8)
Scrolls
 g - a scroll of identify {unknown}
 j - a scroll of fog
 r - 5 scrolls of remove curse
 t - a scroll of magic mapping {unknown}
 u - 3 scrolls of teleportation
 y - a scroll of enchant weapon {unknown}
 J - a scroll of holy word {unknown}
 P - a scroll of fear {unknown}
 U - a scroll of blinking
 Z - a scroll of enchant armour {unknown}
Potions
 n - 2 potions of mutation {!q}
 p - 2 potions of cancellation {unknown}
 s - a potion of invisibility {unknown}
 A - 2 potions of degeneration {unknown}
 E - 2 potions of flight
 L - a potion of brilliance {unknown}
 O - 2 potions of curing
 Q - 2 potions of magic
 Y - a potion of agility {unknown}
Books
 l - a book of Battle

   Spells                             Type                      Level
   a - Infusion                       Charms                       1
   b - Shroud of Golubria             Charms/Translocation         2
   c - Song of Slaying                Charms                       2
   d - Spectral Weapon                Hexes/Charms                 3
   e - Regeneration                   Charms/Necromancy            3
 q - a book of Cantrips
   (You bought it in a shop on level 1 of the Orcish Mines)

   Spells                             Type                      Level
   a - Confusing Touch                Hexes                        1
   b - Animate Skeleton               Necromancy                   1
   c - Summon Small Mammal            Summoning                    1
   d - Apportation                    Translocation                1
 w - the Handbook of Intoxication

   Spells                             Type                      Level
   a - Sting                          Conjuration/Poison           1
   b - Ignite Poison                  Fire/Transmutation/Poison    3
Comestibles
 c - 5 rations


   Skills:
 + Level 6.2 Fighting
 + Level 5.5 Short Blades
 + Level 5.5 Long Blades
 + Level 6.2 Axes
 + Level 5.5 Maces & Flails
 + Level 5.5 Polearms
 + Level 5.5 Staves
 + Level 5.5 Slings
 + Level 5.5 Bows
 + Level 5.5 Crossbows
 + Level 5.5 Throwing
 + Level 8.7 Armour
 + Level 5.5 Dodging
 + Level 6.1 Stealth
 + Level 5.5 Shields
 + Level 5.5 Unarmed Combat
 + Level 5.5 Spellcasting
 + Level 4.6(4.5) Conjurations
 + Level 4.6(4.5) Hexes
 + Level 6.0 Charms
 + Level 4.6(4.5) Summonings
 + Level 4.6(4.5) Necromancy
 + Level 4.6(4.5) Translocations
 + Level 5.1 Transmutations
 + Level 4.6(4.5) Fire Magic
 + Level 4.6(4.5) Ice Magic
 + Level 4.6(4.5) Air Magic
 + Level 4.6(4.5) Earth Magic
 + Level 4.6(4.5) Poison Magic
 + Level 6.1 Invocations
 + Level 6.2 Evocations


You had 9 spell levels left.
You knew the following spells:

 Your Spells              Type           Power        Failure   Level  Hunger
i - Infusion              Chrm           ####         2%          1    None
n - Animate Skeleton      Necr           N/A          4%          1    None
r - Regeneration          Chrm/Necr      ####......   9%          3    #......
w - Spectral Weapon       Hex/Chrm       ####....     9%          3    #......
y - Song of Slaying       Chrm           #####...     3%          2    None
A - Apportation           Tloc           ####..       4%          1    None


Dungeon Overview and Level Annotations

Branches:
Dungeon (10/15)            Temple (1/1) D:4             Orc (2/2) D:9
   Lair: D:8-11         Elf: Orc:2

Altars:
Cheibriados
Dithmenos
Gozag
Makhleb
Qazlal
Trog
Xom
Zin
The Shining One

Shops:
Orc:1 [:(


Innate Abilities, Weirdness & Mutations

Your experience applies equally to all skills.
You have very sharp teeth.
Your uncanny sense of smell can sniff out nearby items.
You have large cloven feet.
You have a pair of small horns on your head.
You tend to lose your temper in combat.


Message History

Your spectral weapon hits the orc warrior!
You kill the orc warrior!
Cheibriados appreciates the change of pace.
Your Stealth skill increases to level 6!
The orc warrior barely misses you.
The orc wizard miscasts a cantrip.
The orc wizard mumbles some strange words.
The orc wizard blinks!
The orc barely misses you. You block the orc's attack.
Unknown command.
Evoke which item? (* to show all) (? for menu, Esc to quit)
Aiming: Throw Flame
Press: ? - help, Shift-Dir - straight line, f - orc warrior
Aim: an orc warrior, wielding a flail and wearing a chain mail (heavily wounded)
Okay, then.
Evoke which item? (* to show all) (? for menu, Esc to quit)
Aiming: Cloud Cone
Press: ? - help, Dir - move target cursor You create a blast of freezing vapour!
You feel sick.
You hear a shout! x2
The orc wizard moves out of view.
The orc warrior is engulfed in freezing vapours.
The orc warrior misses you.
The orc is engulfed in freezing vapours.
You kill the orc!
Cheibriados appreciates the change of pace.
The ynoxinul is engulfed in freezing vapours.
The orc sorcerer is engulfed in freezing vapours.
An orc warrior and an orc knight come into view.
You hit the orc wizard. You headbutt the orc wizard.
The orc wizard is heavily wounded.
You hit the orc warrior but do no damage.
You slash the orc!
You kill the orc!
Cheibriados appreciates the change of pace.
You feel sick.
Your spectral weapon hits the orc wizard!!
You kill the orc wizard!
Cheibriados thoroughly appreciates the change of pace.
The orc sorcerer is engulfed in freezing vapours.
The orc warrior is engulfed in freezing vapours.
You kill the orc warrior!
Cheibriados thoroughly appreciates the change of pace.
Your Charms skill increases to level 6!
Your Invocations skill increases to level 6!
The ynoxinul is engulfed in freezing vapours.
The orc sorcerer is engulfed in freezing vapours.
The orc sorcerer casts a spell at you.
You suddenly lose the ability to move!
The orc priest calls upon Beogh to heal the orc sorcerer.
The orc sorcerer is healed somewhat.
The orc sorcerer is engulfed in freezing vapours.
The orc knight moves out of view.
An orc and an ogre come into view.
You feel sick.
The ynoxinul is engulfed in freezing vapours.
The orc sorcerer is engulfed in freezing vapours. x2
The orc sorcerer hits you but does no damage.
The orc hits you but does no damage.
An orc priest comes into view. It is wielding a dagger.
You feel sick.
The ynoxinul is engulfed in freezing vapours.
The ynoxinul hits you.
* * * LOW HITPOINT WARNING * * *
The orc sorcerer gestures at you while chanting.
The bolt of negative energy hits you!
You feel drained.
* * * LOW HITPOINT WARNING * * *
The orc sorcerer is engulfed in freezing vapours.
The orc sorcerer hits you but does no damage.
The orc priest miscasts a cantrip.
The orc knight roars a battlecry!
The orcs go into a battle-frenzy!
The orc hits you but does no damage.
Your skin stops crawling.
* * * LOW HITPOINT WARNING * * *
You feel sick.
The ynoxinul is engulfed in freezing vapours.
The ynoxinul hits you but does no damage.
The orc sorcerer shouts, "You can't withstand my power!"
The orc sorcerer hits you but does no damage.
The orc sorcerer is engulfed in freezing vapours.
You kill the orc sorcerer!
Cheibriados thoroughly appreciates the change of pace.
The orc hits you.
* * * LOW HITPOINT WARNING * * *
* * * LOW HITPOINT WARNING * * *
You feel sick.
The ynoxinul is engulfed in freezing vapours.
You kill the ynoxinul!
The orc sorcerer hits you but does no damage.
The orc hits you.
* * * LOW HITPOINT WARNING * * *
* * * LOW HITPOINT WARNING * * *
You feel sick.
The orc sorcerer hits you but does no damage.
The orc hits you but does no damage.
* * * LOW HITPOINT WARNING * * *
You feel sick. The orc sorcerer casts a spell at you.
The bolt of fire hits you!
You die...

#####
#.....###
........##
#....$...##
....#.....
#....#...#
.........#
....O.o)<##
....§§§@(.#
...§§§§o).#
..o§§§oo.##
...§§#.$.#
..o§##....
...o ....##
... ......
.. ......


You could see an orc knight, an orc sorcerer, an orc warrior, an ogre, 2 orc
priests, 2 orcs and a friendly spectral broad axe.

Vanquished Creatures
  A two-headed ogre (D:8)
  An orc knight (Orc:1)
  An orc sorcerer (Orc:2)
  Prince Ribbit (D:7)
  Sigmund (D:6)
  Eustachio (D:6)
  Menkaure (D:6)
  Duvessa (D:5)
  9 orc warriors
  A sky beast (D:6)
  2 ice beasts
  5 ogres
  A centaur (D:6)
  Blork the orc (D:6)
  A gnoll sergeant (D:6)
  2 bullfrogs
  Dowan (D:5)
  3 scorpions
  A howler monkey (D:6)
  3 crimson imps
  3 centaur zombies
  A quasit (D:7)
  3 jellies
  3 hounds
  6 orc priests
  10 orc wizards
  A bullfrog skeleton (D:4)
  3 iguanas
  5 worker ants
  A hound zombie (D:10)
  A howler monkey skeleton (D:7)
  12 gnolls
  A river rat (Sewer)
  3 adders
  A shadow imp (D:7)
  4 oozes
  An adder skeleton (D:4)
  2 worms
  2 leopard geckos
  42 orcs
  2 giant cockroaches
  3 hobgoblins
  14 jackals
  2 quokkas
  4 ball pythons
  2 bats
  5 frilled lizards
  A jackal skeleton (D:4)
  9 kobolds
  A leopard gecko skeleton (D:4)
  4 rats
190 creatures vanquished.

Vanquished Creatures (others)
  3 spectral weapons
3 creatures vanquished.

Grand Total: 193 creatures vanquished

Notes
Turn   | Place    | Note
-------+----------+-------------------------------------------
     0 | D:1      | tidbits the Gnoll Wanderer began the quest for the Orb.
     0 | D:1      | tidbits set off with: a book of Battle, the Handbook of Intoxication, a potion of curing, a +0 robe, a +0 club, a ration
     0 | D:1      | Reached XP level 1. HP: 17/17 MP: 2/2
     0 | D:1      | Identified the Handbook of Intoxication
   200 | D:2      | Reached skill level 2 in Transmutations
   209 | D:2      | Reached XP level 2. HP: 17/23 MP: 3/3
   215 | D:2      | Learned a level 1 spell: Infusion
   224 | D:2      | Found a bloodstained altar of Trog.
   323 | D:3      | Found a faded altar of an unknown god.
   366 | D:4      | Reached XP level 3. HP: 18/28 MP: 2/4
   392 | D:4      | Reached skill level 1 in Short Blades
   392 | D:4      | Reached skill level 1 in Long Blades
   392 | D:4      | Reached skill level 1 in Maces & Flails
   392 | D:4      | Reached skill level 1 in Polearms
   392 | D:4      | Reached skill level 1 in Staves
   392 | D:4      | Reached skill level 1 in Slings
   392 | D:4      | Reached skill level 1 in Bows
   392 | D:4      | Reached skill level 1 in Crossbows
   392 | D:4      | Reached skill level 1 in Throwing
   392 | D:4      | Reached skill level 1 in Dodging
   392 | D:4      | Reached skill level 1 in Shields
   392 | D:4      | Reached skill level 1 in Unarmed Combat
   392 | D:4      | Reached skill level 1 in Spellcasting
   392 | D:4      | Reached skill level 1 in Invocations
   400 | D:4      | Reached XP level 4. HP: 18/34 MP: 3/6
   414 | D:4      | Learned a level 3 spell: Regeneration
   418 | D:4      | Reached skill level 1 in Conjurations
   418 | D:4      | Reached skill level 1 in Hexes
   418 | D:4      | Reached skill level 1 in Summonings
   418 | D:4      | Reached skill level 1 in Necromancy
   418 | D:4      | Reached skill level 1 in Translocations
   418 | D:4      | Reached skill level 1 in Fire Magic
   418 | D:4      | Reached skill level 1 in Ice Magic
   418 | D:4      | Reached skill level 1 in Air Magic
   418 | D:4      | Reached skill level 1 in Earth Magic
   418 | D:4      | Reached skill level 1 in Poison Magic
   431 | D:3      | Reached XP level 5. HP: 20/40 MP: 3/7
   461 | D:3      | Noticed a phantom
   481 | D:4      | Noticed an ogre
   574 | D:4      | Reached skill level 3 in Fighting
   574 | D:4      | Reached skill level 3 in Axes
   574 | D:4      | Reached skill level 3 in Evocations
   621 | D:5      | Entered Level 5 of the Dungeon
   644 | D:5      | Reached skill level 4 in Charms
   665 | D:5      | Gained mutation: You tend to lose your temper in combat. [potion of mutation]
   665 | D:5      | Gained mutation: You have large cloven feet. [potion of mutation]
   665 | D:5      | Gained mutation: You have a pair of small horns on your head. [potion of mutation]
   668 | D:5      | Reached XP level 6. HP: 12/47 MP: 3/8
   670 | D:5      | Reached skill level 3 in Stealth
   670 | D:5      | Reached skill level 2 in Invocations
   688 | D:5      | Learned a level 3 spell: Spectral Weapon
   716 | D:5      | Reached skill level 2 in Short Blades
   716 | D:5      | Reached skill level 2 in Long Blades
   716 | D:5      | Reached skill level 2 in Maces & Flails
   716 | D:5      | Reached skill level 2 in Polearms
   716 | D:5      | Reached skill level 2 in Staves
   716 | D:5      | Reached skill level 2 in Slings
   716 | D:5      | Reached skill level 2 in Bows
   716 | D:5      | Reached skill level 2 in Crossbows
   716 | D:5      | Reached skill level 2 in Throwing
   716 | D:5      | Reached skill level 2 in Dodging
   716 | D:5      | Reached skill level 2 in Shields
   716 | D:5      | Reached skill level 2 in Unarmed Combat
   716 | D:5      | Reached skill level 2 in Spellcasting
   740 | D:5      | Reached XP level 7. HP: 21/52 MP: 0/10
   744 | D:5      | Learned a level 2 spell: Song of Slaying
   805 | D:5      | Reached skill level 7 in Armour
   842 | D:5      | Noticed Duvessa
   848 | D:5      | Killed Duvessa
   848 | D:5      | Reached skill level 2 in Conjurations
   848 | D:5      | Reached skill level 2 in Hexes
   848 | D:5      | Reached skill level 2 in Summonings
   848 | D:5      | Reached skill level 2 in Necromancy
   848 | D:5      | Reached skill level 2 in Translocations
   848 | D:5      | Reached skill level 3 in Transmutations
   848 | D:5      | Reached skill level 2 in Fire Magic
   848 | D:5      | Reached skill level 2 in Ice Magic
   848 | D:5      | Reached skill level 2 in Air Magic
   848 | D:5      | Reached skill level 2 in Earth Magic
   848 | D:5      | Reached skill level 2 in Poison Magic
   851 | D:5      | Noticed Dowan
   881 | D:5      | Killed Dowan
   929 | D:6      | Reached skill level 3 in Invocations
   957 | D:6      | Found a shadowy altar of Dithmenos.
   966 | D:6      | Reached XP level 8. HP: 28/60 MP: 8/12
   994 | D:6      | Noticed Menkaure
   997 | D:6      | Reached skill level 4 in Fighting
   997 | D:6      | Reached skill level 3 in Short Blades
   997 | D:6      | Reached skill level 3 in Long Blades
   997 | D:6      | Reached skill level 4 in Axes
   997 | D:6      | Reached skill level 3 in Maces & Flails
   997 | D:6      | Reached skill level 3 in Polearms
   997 | D:6      | Reached skill level 3 in Staves
   997 | D:6      | Reached skill level 3 in Slings
   997 | D:6      | Reached skill level 3 in Bows
   997 | D:6      | Reached skill level 3 in Crossbows
   997 | D:6      | Reached skill level 3 in Throwing
   997 | D:6      | Reached skill level 3 in Dodging
   997 | D:6      | Reached skill level 3 in Shields
   997 | D:6      | Reached skill level 3 in Unarmed Combat
   997 | D:6      | Reached skill level 3 in Spellcasting
   997 | D:6      | Reached skill level 4 in Evocations
   999 | D:6      | Killed Menkaure
   999 | D:6      | Reached skill level 4 in Stealth
  1011 | D:6      | Noticed Blork the orc
  1018 | D:6      | Killed Blork the orc
  1063 | D:6      | Noticed Sigmund
  1064 | D:6      | Found a glowing drain.
  1076 | D:6      | Killed Sigmund
  1100 | Sewer    | Entered a sewer
  1333 | D:6      | Noticed Eustachio
  1344 | D:6      | Killed Eustachio
  1344 | D:6      | Reached skill level 3 in Conjurations
  1344 | D:6      | Reached skill level 3 in Hexes
  1344 | D:6      | Reached skill level 3 in Summonings
  1344 | D:6      | Reached skill level 3 in Necromancy
  1344 | D:6      | Reached skill level 3 in Translocations
  1344 | D:6      | Reached skill level 3 in Fire Magic
  1344 | D:6      | Reached skill level 3 in Ice Magic
  1344 | D:6      | Reached skill level 3 in Air Magic
  1344 | D:6      | Reached skill level 3 in Earth Magic
  1344 | D:6      | Reached skill level 3 in Poison Magic
  1344 | D:6      | Reached skill level 4 in Invocations
  1394 | D:7      | Reached XP level 9. HP: 55/66 MP: 9/14
  1419 | D:7      | Reached skill level 5 in Charms
  1550 | D:7      | Noticed Prince Ribbit
  1573 | D:7      | Killed Prince Ribbit
  1573 | D:7      | Reached skill level 4 in Short Blades
  1573 | D:7      | Reached skill level 4 in Long Blades
  1573 | D:7      | Reached skill level 4 in Maces & Flails
  1573 | D:7      | Reached skill level 4 in Polearms
  1573 | D:7      | Reached skill level 4 in Staves
  1573 | D:7      | Reached skill level 4 in Slings
  1573 | D:7      | Reached skill level 4 in Bows
  1573 | D:7      | Reached skill level 4 in Crossbows
  1573 | D:7      | Reached skill level 4 in Throwing
  1573 | D:7      | Reached skill level 4 in Dodging
  1573 | D:7      | Reached skill level 4 in Shields
  1573 | D:7      | Reached skill level 4 in Unarmed Combat
  1573 | D:7      | Reached skill level 4 in Spellcasting
  1573 | D:7      | Reached skill level 4 in Transmutations
  1634 | D:7      | Reached skill level 5 in Fighting
  1634 | D:7      | Reached skill level 5 in Axes
  1634 | D:7      | Reached skill level 5 in Evocations
  1662 | D:7      | You fall through a shaft!
  1702 | D:8      | Noticed a two-headed ogre
  1711 | D:8      | Killed a two-headed ogre
  1711 | D:8      | Reached skill level 8 in Armour
  1711 | D:8      | Reached skill level 5 in Stealth
  1711 | D:8      | Reached skill level 5 in Invocations
  1784 | D:7      | Found a stormy altar of Qazlal.
  1798 | D:7      | Reached XP level 10. HP: 74/74 MP: 13/17
  1946 | D:6      | Reached skill level 4 in Conjurations
  1946 | D:6      | Reached skill level 4 in Hexes
  1946 | D:6      | Reached skill level 4 in Summonings
  1946 | D:6      | Reached skill level 4 in Necromancy
  1946 | D:6      | Reached skill level 4 in Translocations
  1946 | D:6      | Reached skill level 4 in Fire Magic
  1946 | D:6      | Reached skill level 4 in Ice Magic
  1946 | D:6      | Reached skill level 4 in Air Magic
  1946 | D:6      | Reached skill level 4 in Earth Magic
  1946 | D:6      | Reached skill level 4 in Poison Magic
  1998 | D:4      | Found a burning altar of Makhleb.
  2106 | D:4      | Found a staircase to the Ecumenical Temple.
  2112 | Temple   | Entered the Ecumenical Temple
  2117 | Temple   | Became a worshipper of Cheibriados the Contemplative
  2235 | D:10     | Entered Level 10 of the Dungeon
  2263 | D:10     | Reached skill level 5 in Short Blades
  2263 | D:10     | Reached skill level 5 in Long Blades
  2263 | D:10     | Reached skill level 5 in Maces & Flails
  2263 | D:10     | Reached skill level 5 in Polearms
  2263 | D:10     | Reached skill level 5 in Staves
  2263 | D:10     | Reached skill level 5 in Slings
  2263 | D:10     | Reached skill level 5 in Bows
  2263 | D:10     | Reached skill level 5 in Crossbows
  2263 | D:10     | Reached skill level 5 in Throwing
  2263 | D:10     | Reached skill level 5 in Dodging
  2263 | D:10     | Reached skill level 5 in Shields
  2263 | D:10     | Reached skill level 5 in Unarmed Combat
  2263 | D:10     | Reached skill level 5 in Spellcasting
  2438 | D:9      | Found a staircase to the Orcish Mines.
  2447 | Orc:1    | Entered Level 1 of the Orcish Mines
  2447 | Orc:1    | Found Koovu's Weapon Shoppe.
  2496 | Orc:1    | Found Kudd's Book Boutique.
  2499 | Orc:1    | Noticed an orc knight
  2504 | Orc:1    | Killed an orc knight
  2504 | Orc:1    | Reached * piety under Cheibriados
  2511 | Orc:1    | Reached skill level 6 in Fighting
  2511 | Orc:1    | Reached skill level 6 in Axes
  2511 | Orc:1    | Reached skill level 6 in Evocations
  2537 | Orc:1    | Bought a book of Cantrips for 320 gold pieces
  2539 | Orc:1    | Learned a level 1 spell: Apportation
  2550 | Orc:1    | Reached skill level 5 in Transmutations
  2560 | Orc:1    | Learned a level 1 spell: Animate Skeleton
  2566 | Orc:1    | Found Hoassah's Antique Armour Emporium.
  2657 | Orc:2    | Entered Level 2 of the Orcish Mines
  2662 | Orc:2    | Noticed an orc sorcerer
  2663 | Orc:2    | Noticed an orc sorcerer
  2665 | Orc:2    | Reached skill level 6 in Stealth
  2667 | Orc:2    | Noticed an orc knight
  2667 | Orc:2    | Reached skill level 6 in Charms
  2667 | Orc:2    | Reached skill level 6 in Invocations
  2667 | Orc:2    | Paralysed by an orc sorcerer for 7 turns
  2670 | Orc:2    | Killed an orc sorcerer
  2671 | Orc:2    | HP: 6/76 [orc (2)]
  2673 | Orc:2    | Killed from afar by an orc sorcerer

Skill      XL: |  1  2  3  4  5  6  7  8  9 10 |
---------------+-------------------------------+-----
Transmutations | 2 3 4 5 |  5.1
Short Blades   | 1 2 3 4 5 |  5.5
Long Blades    | 1 2 3 4 5 |  5.5
Maces & Flails | 1 2 3 4 5 |  5.5
Polearms       | 1 2 3 4 5 |  5.5
Staves         | 1 2 3 4 5 |  5.5
Slings         | 1 2 3 4 5 |  5.5
Bows           | 1 2 3 4 5 |  5.5
Crossbows      | 1 2 3 4 5 |  5.5
Throwing       | 1 2 3 4 5 |  5.5
Dodging        | 1 2 3 4 5 |  5.5
Shields        | 1 2 3 4 5 |  5.5
Unarmed Combat | 1 2 3 4 5 |  5.5
Spellcasting   | 1 2 3 4 5 |  5.5
Invocations    | 1 2 3 4 5 6 |  6.1
Conjurations   | 1 2 3 4 |  4.6
Hexes          | 1 2 3 4 |  4.6
Summonings     | 1 2 3 4 |  4.6
Necromancy     | 1 2 3 4 |  4.6
Translocations | 1 2 3 4 |  4.6
Fire Magic     | 1 2 3 4 |  4.6
Ice Magic      | 1 2 3 4 |  4.6
Air Magic      | 1 2 3 4 |  4.6
Earth Magic    | 1 2 3 4 |  4.6
Poison Magic   | 1 2 3 4 |  4.6
Fighting       | 3 4 5 6 |  6.2
Axes           | 3 4 5 6 |  6.2
Evocations     | 3 4 5 6 |  6.2
Charms         | 4 5 6 |  6.0
Stealth        | 3 4 5 6 |  6.1
Armour         | 7 8 |  8.7

Action                   |  1- 3 |  4- 6 |  7- 9 | 10-12 || total
-------------------------+-------+-------+-------+-------++-------
Melee: War axe           |    67 |    37 |       |       ||   104
       Club              |     5 |       |       |       ||     5
       Bite              |     6 |     6 |    16 |     5 ||    33
       Battleaxe         |       |    47 |   158 |    40 ||   245
       Dagger            |       |     8 |     7 |       ||    15
       Headbutt          |       |     1 |    22 |    17 ||    40
       Broad axe         |       |       |       |    35 ||    35
Throw: Stone             |       |       |     1 |       ||     1
       Tomahawk          |       |       |       |     2 ||     2
 Cast: Infusion          |     6 |    12 |    25 |     8 ||    51
       Regeneration      |       |     9 |    25 |    13 ||    47
       Spectral Weapon   |       |     1 |    21 |    15 ||    37
       Song of Slaying   |       |       |       |     4 ||     4
Evoke: Wand              |       |       |    11 |     9 ||    20
  Use: Potion            |     1 |     4 |     2 |     1 ||     8
       Scroll            |       |     1 |     3 |     4 ||     8
 Stab: Sleeping          |     1 |       |       |       ||     1
       Distracted        |       |       |     1 |       ||     1
  Eat: Chunk             |       |     1 |    11 |     5 ||    17
Armor: Robe              |     6 |       |       |       ||     6
       Ring mail         |    20 |    55 |    75 |     8 ||   158
       Scale mail        |       |       |       |    35 ||    35
Dodge: Dodged            |    49 |    84 |   140 |    62 ||   335
Block: Buckler           |       |       |       |    15 ||    15

Table legend:
 A = Turns spent in this place as a percentage of turns spent in the entire game.
 B = Non-inter-level travel turns spent in this place as a percentage of non-inter-level travel turns spent in the entire game.
 C = Inter-level travel turns spent in this place as a percentage of turns spent in this place.
 D = Turns resting spent in this place as a percentage of non-inter-level travel turns spent in this place.
 E = Turns spent auto-exploring this place as a percentage of non-inter-level travel turns spent in this place.
 F = Non-inter-level travel turns spent in this place divided by the number of levels of this place that you've seen.
                   A       B       C       D       E      F
               +-------+-------+-------+-------+-------+----------------------
         Total | 100.0 | 100.0 |   0.0 |   0.0 |   0.0 | 190.9
       Dungeon |  84.1 |  84.1 |   0.0 |   0.0 |   0.0 | 224.8
        Temple |   0.4 |   0.4 |   0.0 |   0.0 |   0.0 |  11.0
  Orcish Mines |   8.5 |   8.5 |   0.0 |   0.0 |   0.0 | 113.0
         Sewer |   7.0 |   7.0 |   0.0 |   0.0 |   0.0 | 188.0
               +-------+-------+-------+-------+-------+----------------------

Table legend:
 A = Kills in this place as a percentage of kills in entire the game.
 B = Kills by you in this place as a percentage of kills by you in the entire game.
 C = Kills by friends in this place as a percentage of kills by friends in the entire game.
 D = Other kills in this place as a percentage of other kills in the entire game.
 E = Experience gained in this place as a percentage of experience gained in the entire game.
 F = Experience gained in this place divided by the number of levels of this place that you have seen.
                   A       B       C       D       E      F
               +-------+-------+-------+-------+-------+----------------------
         Total | 100.0 | 100.0 |   N/A |   N/A | 100.0 | 606.9
       Dungeon |  75.3 |  75.3 |   N/A |   N/A |  70.3 | 597.4
  Orcish Mines |  15.8 |  15.8 |   N/A |   N/A |  29.0 | 1230.0
         Sewer |   8.9 |   8.9 |   N/A |   N/A |   0.7 |  63.0
               +-------+-------+-------+-------+-------+----------------------

Vault maps used:
D:1:      matt_arrival_refuge
D:2:      trog_three_pillars_becter
D:3:      chequers_ecumenical_altar_simple_redux
D:4:      minmay_temple_entry_fiery, makhleb_blood_cavern_becter
D:5:      first_ration, uniq_duvessa
D:6:      cheibrodos_sewer_entry_drain, nicolae_dithmenos_shadow_blocks,
          uniq_sigmund, uniq_eustachio, uniq_menkaure, uniq_blork_the_orc
D:7:      lemuel_doored_altar, uniq_prince_ribbit1
D:9:      dpeg_lair_monsters, orc_0_dummy, hangedman_fish_farm
D:10:     minmay_misc_feat_room
Temple:   nicolae_temple_the_god_donut
Orc:1:    serial_shops, shop, nicolae_shop_stone, shop_statue,
          elves_outpost_lemuel
Orc:2:    pf_orc_diabolical, uniq_sonja
Sewer:    sewer_co_15_rooms
